ORI
ARIZONA STATE UNIVERSITY SUN DEVILS @ UNIVERSITY OF FLORIDA GATORS
12/21/2049
 
TOP OF THE 1ST
Arizona State University Sun Devils batting - Pitching for University of Florida Gators : RHP Mike Brandon
Pitching: RHP Mike Brandon
Batting: LHB Eric Russell 0-0: Called Strike
0-1: Foul Ball, location: 5FF
0-2: Fly out, F8 (Flyball, 8RD, EV 104.4 MPH)
Batting: RHB Hervé Papin 0-0: Ball
1-0: Foul Ball, location: 3F
1-1: Called Strike
1-2: Foul Ball, location: 7LMF
1-2: Foul Ball, location: 25F
1-2: Foul Ball, location: 23F
1-2: Ball
2-2: Foul Ball, location: 2F
2-2: Ground out U3 (Groundball, 3L, EV 79.4 MPH)
Batting: LHB Fabio Interlenghi 0-0: Ball
1-0: Ball
2-0: Ball
3-0: Called Strike
3-1: Called Strike
3-2: Base on Balls
Batting: LHB Randy Marquez 0-0: Ball
1-0: Foul Ball, location: 2F
1-1: Ball
2-1: Fly out, F9 (Flyball, 9, EV 91.3 MPH)
Top of the 1st over - 0 runs, 0 hits, 0 errors, 1 left on base; Arizona State University 0 - University of Florida 0
BOTTOM OF THE 1ST
University of Florida Gators batting - Pitching for Arizona State University Sun Devils : LHP Coen van Oorschot
Pitching: LHP Coen van Oorschot
Batting: RHB Hiromichi Takamoto 0-0: Ball
1-0: Swinging Strike
1-1: Foul Ball, location: 3F
1-2: Ball
2-2: Foul Ball, location: 5FF
2-2: Ball
3-2: Base on Balls
Batting: SHB Tokuichi Ishida 0-0: Ball
Hiromichi Takamoto steals 2nd base
1-0: Swinging Strike
1-1: Ground out 4-3 (Groundball, 34, EV 108.8 MPH)
Hiromichi Takamoto to third
Batting: RHB Gong-sun Law 0-0: Called Strike
0-1: Foul Ball, location: 3F
0-2: Foul Ball, location: 2F
0-2: Ground out 6-3 (Groundball, 6, EV 86.3 MPH)
Hiromichi Takamoto scores
Batting: SHB Nelson Carachure 0-0: Fly out, F7 (Flyball, 78M, EV 93.8 MPH)
Bottom of the 1st over - 1 run, 0 hits, 0 errors, 0 left on base; Arizona State University 0 - University of Florida 1
TOP OF THE 2ND
Arizona State University Sun Devils batting - Pitching for University of Florida Gators : RHP Mike Brandon
Batting: LHB Timon Giorgiou 0-0: Called Strike
0-1: Ball
1-1: Ball
2-1: Foul Ball, location: 9LSFF
2-2: Ball
3-2: DOUBLE (Groundball, 3L, EV 103.1 MPH)
Batting: RHB Rusty Gee 0-0: Sac Bunt to 13 - play at first, batter OUT! 1-3
Timon Giorgiou to third
Batting: RHB Carl Evans 0-0: Ground out 5-3 (Groundball, 56S, EV 86.3 MPH)
Timon Giorgiou scores
Batting: RHB John Burgis 0-0: Ball
1-0: Called Strike
1-1: Foul Ball, location: 5DF
1-2: Strikes out swinging
Top of the 2nd over - 1 run, 1 hit, 0 errors, 0 left on base; Arizona State University 1 - University of Florida 1
BOTTOM OF THE 2ND
University of Florida Gators batting - Pitching for Arizona State University Sun Devils : LHP Coen van Oorschot
Batting: RHB Jae-won Kwon 0-0: Swinging Strike
0-1: Foul Ball, location: 9LSF
0-2: Foul Ball, location: 9LMF
0-2: Ball
1-2: Fly out, F7 (Flyball, 7LS, EV 90.6 MPH)
Batting: RHB Jiao-long Zhào 0-0: Ball
1-0: Called Strike
1-1: Fly out, F8 (Flyball, 8LM, EV 97.5 MPH)
Batting: LHB Roy Davies 0-0: Called Strike
0-1: Called Strike
0-2: Ball
1-2: Reached on error, E4 (Groundball, 4, EV 87.5 MPH)
Batting: RHB Juan Lopez 0-0: Foul Ball, location: 2LF
0-1: Ground out 5-3 (Groundball, 56S, EV 70.0 MPH)
Bottom of the 2nd over - 0 runs, 0 hits, 1 error, 1 left on base; Arizona State University 1 - University of Florida 1
TOP OF THE 3RD
Arizona State University Sun Devils batting - Pitching for University of Florida Gators : RHP Mike Brandon
Batting: LHB Burraga Iukini 0-0: Called Strike
0-1: Ball
1-1: Called Strike
1-2: Ground out 6-3 (Groundball, 6MD, EV 100.6 MPH)
Batting: LHB Eric Russell 0-0: Ball
1-0: Swinging Strike
1-1: Swinging Strike
1-2: Ground out U3 (Groundball, 3L, EV 86.3 MPH)
Batting: RHB Hervé Papin 0-0: Ball
1-0: Ball
2-0: Foul Ball, location: 9LMF
2-1: Foul Ball, location: 7LSF
2-2: Ball
3-2: Strikes out swinging
Top of the 3rd over - 0 runs, 0 hits, 0 errors, 0 left on base; Arizona State University 1 - University of Florida 1
BOTTOM OF THE 3RD
University of Florida Gators batting - Pitching for Arizona State University Sun Devils : LHP Coen van Oorschot
Batting: RHB Angelo Rentas 0-0: Ball
1-0: Called Strike
1-1: Foul Ball, location: 3F
1-2: Ground out U3 (Groundball, 34, EV 86.3 MPH)
Batting: RHB Hiromichi Takamoto 0-0: Called Strike
0-1: DOUBLE (Flyball, 89XD, EV 99.4 MPH)
Batting: SHB Tokuichi Ishida 0-0: Ball
1-0: Called Strike
1-1: Ball
2-1: Single, Error in OF, E9, batter to second base (Groundball, 4D, EV 103.1 MPH)
Hiromichi Takamoto scores
Batting: RHB Gong-sun Law 0-0: Called Strike
0-1: Foul Ball, location: 3DF
0-2: Ball
1-2: Strikes out swinging
Batting: SHB Nelson Carachure 0-0: Called Strike
0-1: Swinging Strike
0-2: Strikes out looking
Bottom of the 3rd over - 1 run, 2 hits, 1 error, 1 left on base; Arizona State University 1 - University of Florida 2
TOP OF THE 4TH
Arizona State University Sun Devils batting - Pitching for University of Florida Gators : RHP Mike Brandon
Batting: LHB Fabio Interlenghi 0-0: Called Strike
0-1: Ball
1-1: Ball
2-1: Ball
3-1: DOUBLE (Line Drive, 9LD, EV 107.5 MPH)
Batting: LHB Randy Marquez 0-0: Ball
1-0: Called Strike
1-1: Swinging Strike
1-2: Ball
2-2: Ball
3-2: Ground out 4-3 (Groundball, 4, EV 80.6 MPH)
Fabio Interlenghi to third
Batting: LHB Timon Giorgiou 0-0: Called Strike
0-1: Fly out, F8 (Flyball, 8RM, EV 83.8 MPH)
Runner from 3rd tags up, SCORES, throw by CF
Batting: RHB Rusty Gee 0-0: SINGLE (Groundball, 6S, EV 75.0 MPH) (infield hit)
Batting: RHB Carl Evans 0-0: Ball
Rusty Gee steals 2nd base
1-0: Foul Ball, location: 23FF
1-1: Foul Ball, location: 9LSF
1-2: Ball
2-2: Strikes out looking
Top of the 4th over - 1 run, 2 hits, 0 errors, 1 left on base; Arizona State University 2 - University of Florida 2
BOTTOM OF THE 4TH
University of Florida Gators batting - Pitching for Arizona State University Sun Devils : LHP Coen van Oorschot
Batting: RHB Jae-won Kwon 0-0: Ball
1-0: Swinging Strike
1-1: Foul Ball, location: 9LDF
1-2: Ball
2-2: Foul Ball, location: 23FF
2-2: Strikes out swinging
Batting: RHB Jiao-long Zhào 0-0: Called Strike
0-1: Ball
1-1: Called Strike
1-2: Strikes out swinging
Batting: LHB Roy Davies 0-0: Called Strike
0-1: Foul Ball, location: 2F
0-2: Ball
1-2: Ground out 5-3 (Groundball, 5, EV 90.6 MPH)
Bottom of the 4th over - 0 runs, 0 hits, 0 errors, 0 left on base; Arizona State University 2 - University of Florida 2
TOP OF THE 5TH
Arizona State University Sun Devils batting - Pitching for University of Florida Gators : RHP Mike Brandon
Batting: RHB John Burgis 0-0: Ball
1-0: Called Strike
1-1: Fly out, F5 (Line Drive, 56, EV 63.8 MPH)
Batting: LHB Burraga Iukini 0-0: Called Strike
0-1: Foul Ball, location: 2F
0-2: Ball
1-2: Ball
2-2: Strikes out swinging
Batting: LHB Eric Russell 0-0: Ball
1-0: Ball
2-0: Foul Ball, location: 2F
2-1: Ball
3-1: Base on Balls
Pitching: LHP Alexander Collins
Batting: RHB Hervé Papin 0-0: Ball
Eric Russell steals 2nd base
1-0: Ball
2-0: Swinging Strike
2-1: Swinging Strike
2-2: Strikes out swinging
Top of the 5th over - 0 runs, 0 hits, 0 errors, 1 left on base; Arizona State University 2 - University of Florida 2
BOTTOM OF THE 5TH
University of Florida Gators batting - Pitching for Arizona State University Sun Devils : LHP Coen van Oorschot
Batting: RHB Juan Lopez 0-0: Ball
1-0: Fly out, F7 (Flyball, 7D, EV 106.9 MPH)
Batting: RHB Angelo Rentas 0-0: Ground out 6-3 (Groundball, 6, EV 81.9 MPH)
Pitching: RHP Zhang Hsieh
Batting: RHB Hiromichi Takamoto 0-0: Ball
1-0: Ball
2-0: Ball
3-0: Base on Balls
Batting: SHB Tokuichi Ishida 0-0: Ball
1-0: Foul Ball, location: 3F
1-1: Called Strike
Hiromichi Takamoto steals 2nd base (no throw)
1-2: Ball
2-2: Foul Ball, location: 2F
2-2: Ball
3-2: Base on Balls
Batting: RHB Gong-sun Law 0-0: Ball
1-0: Fielders Choice at 2nd, 6-4 (Groundball, 6, EV 80.0 MPH)
Bottom of the 5th over - 0 runs, 0 hits, 0 errors, 2 left on base; Arizona State University 2 - University of Florida 2
TOP OF THE 6TH
Arizona State University Sun Devils batting - Pitching for University of Florida Gators : LHP Alexander Collins
Batting: LHB Fabio Interlenghi 0-0: Fly out, F7 (Flyball, 7LD, EV 110.0 MPH)
Batting: LHB Randy Marquez 0-0: Called Strike
0-1: Ball
1-1: Ball
2-1: Foul Ball, location: 2F
2-2: SINGLE (Line Drive, 5D, EV 107.5 MPH)
Batting: LHB Timon Giorgiou 0-0: Fly out, F8 (Flyball, 8RXD, EV 98.8 MPH)
Batting: RHB Rusty Gee 0-0: Called Strike
0-1: Foul Ball, location: 2F
0-2: Strikes out swinging
Top of the 6th over - 0 runs, 1 hit, 0 errors, 1 left on base; Arizona State University 2 - University of Florida 2
BOTTOM OF THE 6TH
University of Florida Gators batting - Pitching for Arizona State University Sun Devils : RHP Zhang Hsieh
Batting: SHB Nelson Carachure 0-0: Foul Ball, location: 7LMF
0-1: Foul Ball, location: 2F
0-2: Ground out 4-3 (Groundball, 4, EV 102.5 MPH)
Batting: RHB Jae-won Kwon 0-0: Ground out U3 (Groundball, 34, EV 90.0 MPH)
Batting: RHB Jiao-long Zhào 0-0: Ball
1-0: Swinging Strike
1-1: Foul Ball, location: 2RF
1-2: Ball
2-2: Ball
3-2: Strikes out looking
Bottom of the 6th over - 0 runs, 0 hits, 0 errors, 0 left on base; Arizona State University 2 - University of Florida 2
TOP OF THE 7TH
Arizona State University Sun Devils batting - Pitching for University of Florida Gators : LHP Alexander Collins
Pitching: RHP Roberto Santiago
Batting: RHB Carl Evans 0-0: Called Strike
0-1: SOLO HOME RUN (Flyball, 7LD, EV 97.5 MPH), Distance : 338 ft
Batting: RHB John Burgis 0-0: Ball
1-0: Foul Ball, location: 3FF
1-1: Ball
2-1: Fly out, F8 (Flyball, 8LD, EV 106.3 MPH)
Batting: LHB Burraga Iukini 0-0: Fly out, F8 (Flyball, 8RXD, EV 96.3 MPH)
Batting: LHB Eric Russell 0-0: Ball
1-0: Ball
2-0: Called Strike
2-1: Called Strike
2-2: Ball
3-2: SINGLE (Groundball, 34D, EV 107.5 MPH)
Batting: RHB Hervé Papin 0-0: Called Strike
Eric Russell steals 2nd base
0-1: Ball
1-1: Swinging Strike
1-2: Ball
2-2: Foul Ball, location: 3DF
2-2: Ball
3-2: Strikes out swinging
Top of the 7th over - 1 run, 2 hits, 0 errors, 1 left on base; Arizona State University 3 - University of Florida 2
BOTTOM OF THE 7TH
University of Florida Gators batting - Pitching for Arizona State University Sun Devils : RHP Zhang Hsieh
Batting: LHB Roy Davies 0-0: Ball
1-0: Ball
2-0: Foul Ball, location: 7LSF
2-1: Fly out, F9 (Flyball, 9, EV 95.0 MPH)
Pinch Hitting: SHB Pat Justice 0-0: Called Strike
0-1: Foul Ball, location: 2F
0-2: Foul Ball, location: 7LMFF
0-2: Ball
1-2: Strikes out looking
Batting: RHB Angelo Rentas 0-0: Ball
1-0: Foul Ball, location: 7LSF
1-1: Ground out 3-1 (Groundball, 34S, EV 90.6 MPH)
Bottom of the 7th over - 0 runs, 0 hits, 0 errors, 0 left on base; Arizona State University 3 - University of Florida 2
TOP OF THE 8TH
Arizona State University Sun Devils batting - Pitching for University of Florida Gators : RHP Roberto Santiago
Pitching: LHP Alex Zepeda
Now at 3B: Manny Harrison
Batting: LHB Fabio Interlenghi 0-0: Ball
1-0: Swinging Strike
1-1: Fly out, F8 (Flyball, 8LM, EV 86.3 MPH)
Batting: LHB Randy Marquez 0-0: Swinging Strike
0-1: Foul Ball, location: 2F
0-2: Ball
1-2: Foul Ball, location: 2F
1-2: Ball
2-2: Ball
3-2: Fly out, F7 (Flyball, 7D, EV 96.3 MPH)
Batting: LHB Timon Giorgiou 0-0: Swinging Strike
0-1: Foul Ball, location: 7LDF
0-2: Strikes out swinging
Top of the 8th over - 0 runs, 0 hits, 0 errors, 0 left on base; Arizona State University 3 - University of Florida 2
BOTTOM OF THE 8TH
University of Florida Gators batting - Pitching for Arizona State University Sun Devils : RHP Zhang Hsieh
Pitching: RHP Jeremy Kaylor
Pinch Hitting: RHB Lião Weishampt 0-0: Called Strike
0-1: Reached on error, E1 (Groundball, 13S, EV 66.3 MPH)
Batting: SHB Tokuichi Ishida 0-0: Sac Bunt to 3S - play at first, batter OUT! 3-4
Lião Weishampt to second
Batting: RHB Gong-sun Law 0-0: Called Strike
0-1: Foul Ball, location: 9LMFF
0-2: Hit by Pitch
Batting: SHB Nelson Carachure 0-0: Ball
1-0: Called Strike
1-1: Ball
2-1: Fielders Choice at 2nd, 3-6 (Groundball, 34S, EV 87.5 MPH)
Lião Weishampt to third
Batting: RHB Jae-won Kwon 0-0: SINGLE (Groundball, 4MD, EV 95.6 MPH)
Lião Weishampt scores
Nelson Carachure to second
Runner from 2nd tries for 3rd, OUT! 8-5
Bottom of the 8th over - 1 run, 1 hit, 1 error, 1 left on base; Arizona State University 3 - University of Florida 3
TOP OF THE 9TH
Arizona State University Sun Devils batting - Pitching for University of Florida Gators : LHP Alex Zepeda
Pitching: RHP Sam Rekowski
Now in LF: Lião Weishampt
Batting: RHB Rusty Gee 0-0: Swinging Strike
0-1: Ball
1-1: Foul Ball, location: 25F
1-2: Fly out, F7 (Flyball, 78S, EV 86.9 MPH)
Batting: RHB Carl Evans 0-0: Ball
1-0: Called Strike
1-1: Ball
2-1: Swinging Strike
2-2: Foul Ball, location: 9LDF
2-2: Strikes out swinging
Pinch Hitting: RHB J.J. Meach 0-0: Ball
1-0: Called Strike
1-1: Ground out 6-3 (Groundball, 6, EV 103.1 MPH)
Top of the 9th over - 0 runs, 0 hits, 0 errors, 0 left on base; Arizona State University 3 - University of Florida 3
BOTTOM OF THE 9TH
University of Florida Gators batting - Pitching for Arizona State University Sun Devils : RHP Jeremy Kaylor
Now at C: J.J. Meach
Batting: RHB Jiao-long Zhào 0-0: Ground out 6-3 (Groundball, 6MS, EV 73.1 MPH)
Batting: LHB Roy Davies 0-0: Ground out U3 (Groundball, 34S, EV 68.1 MPH)
Batting: RHB Manny Harrison 0-0: Fly out, F8 (Flyball, 8LD, EV 81.3 MPH)
Bottom of the 9th over - 0 runs, 0 hits, 0 errors, 0 left on base; Arizona State University 3 - University of Florida 3
TOP OF THE 10TH
Arizona State University Sun Devils batting - Pitching for University of Florida Gators : RHP Sam Rekowski
Pinch Hitting: RHB Kawenaula Kapali 0-0: Foul Ball, location: 9LMF
0-1: Swinging Strike
0-2: Ball
1-2: Strikes out swinging
Batting: LHB Eric Russell 0-0: Called Strike
0-1: Foul Ball, location: 7LDF
0-2: Ball
1-2: SINGLE (Line Drive, 6M, EV 107.5 MPH)
Batting: RHB Hervé Papin 0-0: Called Strike
Eric Russell is caught stealing 2nd base 2-4
0-1: Fly out, F9 (Flyball, 9S, EV 85.0 MPH)
Top of the 10th over - 0 runs, 1 hit, 0 errors, 0 left on base; Arizona State University 3 - University of Florida 3
BOTTOM OF THE 10TH
University of Florida Gators batting - Pitching for Arizona State University Sun Devils : RHP Jeremy Kaylor
Pitching: RHP Wallace Werner
Now at 1B: Kawenaula Kapali
Pinch Hitting: RHB Conz Laufenberg 0-0: Ball
1-0: SINGLE (Groundball, 6D, EV 102.5 MPH)
Batting: RHB Lião Weishampt 0-0: Swinging Strike
0-1: Foul Ball, location: 9LSF
0-2: Fly out, F7 (Flyball, 7, EV 83.8 MPH)
Batting: SHB Tokuichi Ishida 0-0: Called Strike
0-1: Ball
1-1: Grounds into double play, 4-6-3 (Groundball, 4, EV 85.6 MPH)
Bottom of the 10th over - 0 runs, 1 hit, 0 errors, 0 left on base; Arizona State University 3 - University of Florida 3
TOP OF THE 11TH
Arizona State University Sun Devils batting - Pitching for University of Florida Gators : RHP Sam Rekowski
Now at C: Josh Curtis
Batting: LHB Fabio Interlenghi 0-0: Called Strike
0-1: Ball
1-1: Called Strike
1-2: Ball
2-2: Ball
3-2: Strikes out swinging
Batting: LHB Randy Marquez 0-0: Ball
1-0: Ball
2-0: SINGLE (Line Drive, 7S, EV 104.4 MPH)
Pitching: RHP Gwang-sam Choe
Batting: LHB Timon Giorgiou 0-0: Called Strike
0-1: Foul Ball, location: 5FF
0-2: Strikes out looking
Batting: RHB Rusty Gee 0-0: Ball
1-0: Ball
2-0: Called Strike
2-1: Ball
3-1: Called Strike
3-2: Foul Ball, location: 9LSF
3-2: Strikes out swinging
Top of the 11th over - 0 runs, 1 hit, 0 errors, 1 left on base; Arizona State University 3 - University of Florida 3
BOTTOM OF THE 11TH
University of Florida Gators batting - Pitching for Arizona State University Sun Devils : RHP Wallace Werner
Batting: RHB Gong-sun Law 0-0: Ball
1-0: Called Strike
1-1: Ball
2-1: Foul Ball, location: 5SF
2-2: DOUBLE (Flyball, 8LXD, EV 105.0 MPH)
Batting: SHB Nelson Carachure 0-0: Intentional Walk
Batting: RHB Jae-won Kwon 0-0: Ball
1-0: Swinging Strike
1-1: Foul Ball, location: 25F
1-2: Grounds into double play, 5-4-3 (Groundball, 56S, EV 91.9 MPH)
Gong-sun Law to third
Batting: RHB Jiao-long Zhào 0-0: Ball
1-0: Foul Ball, location: 25F
1-1: Foul Ball, location: 9LMF
1-2: Strikes out swinging
Bottom of the 11th over - 0 runs, 1 hit, 0 errors, 1 left on base; Arizona State University 3 - University of Florida 3
TOP OF THE 12TH
Arizona State University Sun Devils batting - Pitching for University of Florida Gators : RHP Gwang-sam Choe
Batting: RHB Carl Evans 0-0: Called Strike
0-1: Called Strike
0-2: Strikes out swinging
Batting: RHB J.J. Meach 0-0: Called Strike
0-1: Ball
1-1: Called Strike
1-2: Strikes out looking
Batting: RHB Kawenaula Kapali 0-0: Called Strike
0-1: Ball
1-1: Ground out U3 (Groundball, 3S, EV 88.1 MPH)
Top of the 12th over - 0 runs, 0 hits, 0 errors, 0 left on base; Arizona State University 3 - University of Florida 3
BOTTOM OF THE 12TH
University of Florida Gators batting - Pitching for Arizona State University Sun Devils : RHP Wallace Werner
Batting: LHB Roy Davies 0-0: Called Strike
0-1: Ball
1-1: Called Strike
1-2: Ground out 6-3 (Groundball, 6, EV 95.0 MPH)
Batting: RHB Manny Harrison 0-0: Called Strike
0-1: Ball
1-1: Foul Ball, location: 5FF
1-2: Strikes out looking
Batting: RHB Josh Curtis 0-0: Swinging Strike
0-1: Called Strike
0-2: Ball
1-2: Foul Ball, location: 3SF
1-2: Fly out, F8 (Flyball, 8RM, EV 94.4 MPH)
Bottom of the 12th over - 0 runs, 0 hits, 0 errors, 0 left on base; Arizona State University 3 - University of Florida 3
TOP OF THE 13TH
Arizona State University Sun Devils batting - Pitching for University of Florida Gators : RHP Gwang-sam Choe
Batting: LHB Eric Russell 0-0: Called Strike
0-1: Swinging Strike
0-2: Foul Ball, location: 23F
0-2: Ball
1-2: SOLO HOME RUN (Flyball, 7D, EV 98.1 MPH), Distance : 381 ft
Batting: RHB Hervé Papin 0-0: Foul Ball, location: 9LSF
0-1: Ball
1-1: Called Strike
1-2: Foul Ball, location: 3F
1-2: Foul Ball, location: 23F
1-2: Ball
2-2: Foul Ball, location: 3F
2-2: SINGLE (Groundball, 6MD, EV 97.5 MPH)
Batting: LHB Fabio Interlenghi 0-0: Called Strike
0-1: Called Strike
Hervé Papin is caught stealing 2nd base 2-6
0-2: Ball
1-2: Ball
2-2: Fly out, F4 (Flyball, 34D, EV 93.8 MPH)
Batting: LHB Randy Marquez 0-0: Foul Ball, location: 23F
0-1: Called Strike
0-2: Ball
1-2: Foul Ball, location: 2F
1-2: Ball
2-2: DOUBLE (Line Drive, 89D, EV 102.5 MPH)
Batting: LHB Timon Giorgiou 0-0: Intentional Walk
Pitching: RHP Carlos Figueroa
Batting: RHB Rusty Gee 0-0: Ball
1-0: Ball
2-0: Foul Ball, location: 2F
2-1: Called Strike
2-2: Foul Ball, location: 9LSF
2-2: Foul Ball, location: 2F
2-2: Foul Ball, location: 2F
2-2: Strikes out swinging
Top of the 13th over - 1 run, 3 hits, 0 errors, 2 left on base; Arizona State University 4 - University of Florida 3
BOTTOM OF THE 13TH
University of Florida Gators batting - Pitching for Arizona State University Sun Devils : RHP Wallace Werner
Batting: RHB Lião Weishampt 0-0: Called Strike
0-1: Fly out, F9 (Flyball, 89D, EV 103.1 MPH)
Batting: SHB Tokuichi Ishida 0-0: Ball
1-0: Ground out 4-3 (Groundball, 4, EV 85.6 MPH)
Batting: RHB Gong-sun Law 0-0: Ball
1-0: Ball
2-0: Called Strike
2-1: Ball
3-1: Called Strike
3-2: Ground out 6-3 (Groundball, 56S, EV 64.4 MPH)
Bottom of the 13th over - 0 runs, 0 hits, 0 errors, 0 left on base; Arizona State University 4 - University of Florida 3
Sunday, July 16th , 2023 - OOTP Baseball 24.6 Build 69